 Dungeon Crawl Stone Soup version 0.32-a0-12-g7fc57aa741 (webtiles) character file.

Game seed: 431501513536801198

406 croobank the Sneak (level 6, -3/28 HPs)
             Began as a Felid Summoner on Jan 14, 2024.
             Slain by a gnoll
             ... wielding a +0 halberd
              (8 damage)
             ... on level 4 of the Dungeon.
             The game lasted 00:13:28 (3595 turns).

croobank the Sneak (Felid Summoner)                 Turns: 3595, Time: 00:13:28

Health: -3/28      AC:  2    Str:  4    XL:     6   Next: 56%
Magic:  6/12       EV: 19    Int: 20    God:
Gold:   176        SH:  0    Dex: 17    Spells: 2/12 levels left
                                        Lives:  0   Deaths: 2

rFire   . . .        (weapon unavailable)
rCold   . . .        (shield unavailable)
rNeg    . . .        (body armour unavailable)
rPois   .            (helmet unavailable)
rElec   .            (cloak unavailable)
rCorr   .            (gloves unavailable)
SInv    +            (boots unavailable)
Will    .....        (no amulet)
Stlth   +++          (no ring)
HPRegen 0.24/turn    (no ring)
MPRegen 0.13/turn

%: no passive effects
@: no status effects
A: very small, claws 1, fangs 3, see invisible, shaggy fur 2, stealthy paws, no
weapons or thrown items, no armour, multi-lived
a: no special abilities


You were on level 4 of the Dungeon.
You visited 1 branch of the dungeon, and saw 4 of its levels.
You also visited: Sewer.

You collected 176 gold pieces.

Inventory:

Jewellery
 g - a ring of fire
 j - a ring of willpower
Scrolls
 i - a scroll of amnesia {unknown}
Potions
 b - 2 potions of degeneration {unknown}
 c - 2 potions of attraction
 d - a potion of brilliance
 e - 2 potions of curing
 f - a potion of berserk rage


   Skills:
 + Level 5.0 Dodging
 + Level 5.5 Stealth
 + Level 3.5 Spellcasting
 + Level 5.1 Summonings
 * Level 1.1 Fire Magic


You had 2 spell levels left.
You knew the following spells:

 Your Spells              Type           Power      Damage    Failure   Level
a - Summon Small Mammal   Summ           96%        N/A       1%          1
b - Call Imp              Summ           48%        N/A       2%          2
c - Call Canine Familiar  Summ           24%        N/A       4%          3
d - Summon Blazeheart Go  Fire/Summ      16%        N/A       36%         4

Your spell library contained the following spells:

 Spells                   Type           Power      Damage    Failure   Level
 Sublimation of Blood     Necr           3%         N/A       21%         2
 Summon Lightning Spire   Summ/Air       13%        N/A       43%         4
 Summon Hydra             Summ           12%        N/A       100%        7
 Chain Lightning          Conj/Air       1%         3d2       100%        9
 Fire Storm               Conj/Fire      2%         8d1       100%        9
 Shatter                  Erth           1%         3d6*      100%        9


Dungeon Overview and Level Annotations

Branches:
Dungeon (4/15)              Sewer (visited)
 Temple: D:4-7

Altars:
Nemelex Xobeh
Trog
Uskayaw

Shops:
D:1 [(   D:4 (

Annotations:
D:3 !ijyb + ice beast, Ijyb


Innate Abilities, Weirdness & Mutations

You have sharp claws.
You have razor-sharp teeth.
You have supernaturally acute eyesight. (SInv)
You are covered in thick fur. (AC +2)
Your paws help you pounce on unaware monsters.
You are incapable of wielding weapons or throwing items.
You cannot wear armour.
You gain extra lives every three experience levels.


Message History

Your inugami dies!
Your inugami disappears in a puff of smoke!
Your blazeheart golem closely misses the gnoll.
The gnoll hits you with a +0 whip.
There is a bloodstained altar of Trog here.
Your blazeheart golem punches the gnoll!
The gnoll dies!
Your Dodging skill increases to level 5!
The gnoll misses you. The gnoll closely misses you. The gnoll misses you.
Your blazeheart golem punches the gnoll.
Your blazeheart golem disappears in a puff of smoke!
The gnoll hits you from afar with a +0 halberd.
The gnoll misses you.
Casting: Summon Blazeheart Golem (astonishingly dangerous; 36% risk of failure)
Confirm with . or Enter, or press ? or * to list all spells.
A fiery spirit appears, bound in slag iron.
The gnoll hits you from afar with a +0 halberd!
The gnoll barely misses you. The gnoll attacks as it pursues you!
The gnoll closely misses you.
You swap places.
The gnoll misses you.
Your blazeheart golem punches the gnoll but does no damage.
The gnoll misses you.
The gnoll hits you from afar with a +0 halberd!
* * * LOW HITPOINT WARNING * * *
The gnoll misses you.
Your blazeheart golem punches the gnoll.
The gnoll barely misses you.
The gnoll hits you from afar with a +0 spear.
* * * LOW HITPOINT WARNING * * *
The gnoll misses you. x2
Your blazeheart golem punches the gnoll!!
The gnoll dies!
Your blazeheart golem falls apart, revealing its core!
Your blazeheart core explodes!
The fiery explosion engulfs the gnoll!!!
You kill the gnoll!
Your familiar recovers from its injuries.
The gnoll hits you from afar with a +0 halberd!
You die...

# #.#
.######.############
..................>#
##################.#
..# #.# ..# #.# ≈.#
######.# .≈#
###...##.# ≈.#
#○○○..@..## ..#####
##○☼°......#
......####.○.°g.....#
#####.#..g._.g8.._$.#
# #......$.....)..##
# #..#.###........# #
#..#.# #........# #
#...g# ###......#
####...g# ####...#


You could see 3 gnolls.

Vanquished Creatures
  An adder (D:2)
  A gnoll (D:4)
  A dart slug (D:1)
  4 endoplasms (D:1)
  A giant cockroach (D:3)
  A goblin (D:1)
  A jackal (D:1)
  A quokka (D:3)
  2 bats
  A rat (D:3)
14 creatures vanquished.

Vanquished Creatures (collateral kills)
  An ogre (D:4)
  A brain worm (Sewer)
  A bullfrog (D:4)
  A scorpion (D:4)
  2 gnolls (D:4)
  3 adders
  An orc (D:4)
  3 endoplasms
  3 giant cockroaches
  A goblin (D:2)
  2 hobgoblins
  A jackal (D:1)
  2 kobolds
  6 quokkas
  8 ball pythons
  10 bats
  3 frilled lizards
  3 rats
52 creatures vanquished.

Vanquished Creatures (others)
  2 blazeheart cores (D:4)
2 creatures vanquished.

Grand Total: 68 creatures vanquished

Notes
Turn   | Place    | Note
-------+----------+-------------------------------------------
     0 | D:1      | croobank the Felid Summoner began the quest for the Orb.
     0 | D:1      | Reached XP level 1. HP: 9/9 MP: 4/4
   237 | D:1      | Reached XP level 2. HP: 13/13 MP: 4/6
   240 | D:1      | Learned a level 2 spell: Call Imp
   545 | D:1      | Found a faded altar of an unknown god.
   593 | D:1      | Found Saissi's Armour Boutique.
   706 | D:1      | Found Zerruoj's Weapon Shoppe.
  1316 | D:2      | Reached XP level 3. HP: 16/16 MP: 0/7
  1320 | D:2      | Learned a level 3 spell: Call Canine Familiar
  2655 | D:3      | Found a glowing drain.
  2682 | Sewer    | Entered a sewer
  2691 | Sewer    | Reached XP level 4. HP: 12/21 MP: 1/8
  2691 | Sewer    | Gained a life (2 lives remaining)
  2763 | Sewer    | Noticed a brain worm
  2777 | Sewer    | Killed from afar by a brain worm
  2777 | Sewer    | Lost a life (1 life remaining)
  2792 | Sewer    | Killed a brain worm
  2832 | Sewer    | Noticed a crocodile
  2840 | Sewer    | Reached XP level 5. HP: 24/24 MP: 10/10
  2879 | D:3      | Noticed an ice beast
  3116 | D:3      | Noticed Ijyb
  3370 | D:4      | Found Leliont's Antique Weapon Emporium.
  3416 | D:4      | Noticed an ogre
  3417 | D:4      | Found a bloodstained altar of Trog.
  3426 | D:4      | Learned a level 4 spell: Summon Blazeheart Golem
  3439 | D:4      | Reached skill level 5 in Stealth
  3439 | D:4      | Reached skill level 5 in Summonings
  3439 | D:4      | Gained mutation: You are covered in thick fur. (AC +2)
                  | [Felid growth]
  3439 | D:4      | Reached XP level 6. HP: 6/28 MP: 3/12
  3439 | D:4      | HP: 1/28 [gnoll/+0 spear (5)]
  3440 | D:4      | Mangled by a gnoll
  3440 | D:4      | Lost a life (0 lives remaining)
  3496 | D:4      | Found a sparkling altar of Nemelex Xobeh.
  3534 | D:4      | Found a hide-covered altar of Uskayaw.
  3558 | D:4      | Reached skill level 1 in Fire Magic
  3583 | D:4      | Reached skill level 5 in Dodging
  3595 | D:4      | Slain by a gnoll

Illustrated notes

Levels and vault maps discovered:
D:1:      wander_arrival_chamber, layout_basic, serial_shops, shop,
          nicolae_shop_tiny_waterfront, hellmonk_ecumenical_altar_slurped_away
D:2:      layout_basic, nicolae_twisty_statue_hallways
D:3:      layout_basic, mainiacjoe_overflow_brackets, portal_sewer_entry_f,
          minmay_crystal_room, uniq_ijyb
D:4:      layout_basic, nemelex_dance_club_becter, grunt_temple_overflow_open,
          serial_shops, nicolae_diamond_shop, ebering_ghost_sewer_d,
          uniq_eustachio

Skill      XL: |  1  2  3  4  5  6 |
---------------+-------------------+-----
Dodging        | 3 4 5 |  5.0
Stealth        | 3 4 5 |  5.5
Spellcasting   | 3 |  3.5
Summonings     | 5 |  5.1
Fire Magic     | 1 |  1.1

Action                     |  1- 3 |  4- 6 || total
---------------------------+-------+-------++-------
  Melee: Unarmed           |    40 |     5 ||    45
         Bite              |     4 |     1 ||     5
   Cast: Summon Small Mamm |    49 |     8 ||    57
         Call Imp          |    14 |     9 ||    23
         Call Canine Famil |     2 |     8 ||    10
         Summon Blazeheart |       |     3 ||     3
    Use: Scroll            |     4 |     2 ||     6
         Potion            |       |     1 ||     1
   Stab: Sleeping          |     2 |     1 ||     3
         Distracted        |     3 |       ||     3
 Armour: Skin              |    21 |    15 ||    36
  Dodge: Dodged            |    61 |    43 ||   104

Table legend: (Time is in decaauts)
 A = Elapsed time spent in this place.
 B = Non-inter-level travel time spent in this place.
 C = Inter-level travel time spent in this place.
 D = Time resting spent in this place.
 E = Time spent auto-exploring this place.
 F = Levels seen in this place.
 G = Mean time per level.
                   A        B        C        D        E       F      G
               +--------+--------+--------+--------+--------+-----+--------+
         Total |   3599 |   3505 |     94 |    219 |   2464 |   5 |  719.8 |
       Dungeon |   3428 |   3334 |     94 |    131 |   2456 |   4 |  857.0 |
         Sewer |    171 |    171 |      0 |     88 |      8 |   1 |  171.0 |
               +--------+--------+--------+--------+--------+-----+--------+

Top non-repeatable levels by time:
     D:1: 1251 daAuts
     D:2: 1228 daAuts
     D:3: 479 daAuts
     D:4: 468 daAuts
   Sewer: 171 daAuts
